Predators vs Blackhawks
Created - October 12, 2017 at 19:24
Goals
|
| Predators |
0 |
3 |
1 |
4 |
| Blackhawks |
2 |
1 |
0 |
3 |
|
Shots
|
| Predators |
4 |
8 |
15 |
27 |
| Blackhawks |
9 |
12 |
13 |
34 |
|
1st period
1. Blackhawks , Tyler Kennedy 1 (Peter Regin 1, Ian White 1) at 12:54
2. Blackhawks , Chad Larose 1 (Taylor Pyatt 1) at 19:47
Penalties :
Richard Jackman (Nas) for Slashing (Minor) at 12:59
2nd period
3. Predators , Alexander Steen 1 (Mikael Granlund 1, John Moore 1) at 1:13
4. Predators , Alexander Steen 2 (Andy Miele 1) at 1:44
5. Predators , Niclas Bergfors 1 (Alexander Ovechkin 1, Barret Jackman 1) at 4:06
6. Blackhawks , Antoine Roussel 1 (Patrick Kane 1, Derick Brassard 1) at 4:24
Penalties :
Ryan Kesler (Nas) for Hooking (Minor) at 4:27, Brendan Smith (Chi) for Roughing (Minor) at 6:59, Derick Brassard (Chi) for Roughing (Minor) at 10:24, Alexander Ovechkin (Nas) for Interference (Minor) at 13:00, Adam Burish (Nas) for Tripping (Minor) at 16:41
3rd period
7. Predators , Justin Abdelkader 1 (Kris Vernarsky 1, Adam Burish 1) at 8:48
Penalties :
Patrick Kane (Chi) for Tripping (Minor) at 3:06, Tyler Kennedy (Chi) for Interference (Minor) at 6:17, Richard Jackman (Nas) for Charging (Minor) at 14:57, Alexander Edler (Nas) for High sticking (Minor) at 18:36
Goalie Stats
Viktor Fasth (Nas), 31 saves from 34 shots - (0.912), W, 1-0-0, 60:00 minutes
Jimmy Howard (Chi), 23 saves from 27 shots - (0.852), L, 0-1-0, 58:52 minutes
Players Stats for Predators
Player Name G A P +/- PIM S H SB GA TA FO MP PP MP PK MP
------------------------------------------------------------------------------------
Adam Burish 0 1 1 1 2 0 3 0 2 0 1/1 16:26 0:26 2:07
Alexander Edler 0 0 0 0 2 1 3 1 0 3 0/0 27:12 4:36 5:33
Alexander Ovechkin 0 1 1 -1 2 2 3 1 1 0 0/4 21:10 3:43 2:55
Alexander Steen 2 0 2 1 0 8 1 0 0 0 1/1 15:17 3:40 0:20
Andy Miele 0 1 1 0 0 1 2 0 0 0 5/8 12:22 0:00 4:11
Barret Jackman 0 1 1 1 0 0 0 0 0 0 0/0 8:26 0:00 0:52
Brett Clark 0 0 0 0 0 0 0 1 0 0 0/0 16:20 0:00 4:53
Byron Bitz 0 0 0 1 0 3 1 0 0 0 1/1 21:03 3:40 5:56
Dmitri Kalinin 0 0 0 1 0 0 0 2 0 0 0/0 15:26 3:20 0:00
James Van Riemsdyk 0 0 0 0 0 2 2 0 0 0 0/0 10:09 0:46 0:00
John Moore 0 1 1 1 0 2 0 0 0 1 0/0 18:15 0:00 4:53
Justin Abdelkader 1 0 1 1 0 2 1 0 0 0 0/0 7:01 0:00 0:00
Kris Vernarsky 0 1 1 1 0 1 0 0 0 0 2/4 6:24 0:00 0:09
Mikael Granlund 0 1 1 1 0 1 0 2 0 0 7/12 17:07 3:30 1:37
Niclas Bergfors 1 0 1 -1 0 1 1 0 0 0 1/2 18:00 3:59 0:00
Richard Jackman 0 0 0 -1 4 1 0 1 0 0 0/0 6:20 3:20 0:00
Ryan Kesler 0 0 0 -1 2 2 1 0 0 0 16/30 23:24 4:04 5:21
Ryan Mcdonagh 0 0 0 0 0 0 4 2 0 2 0/0 28:14 4:36 6:25
Players Stats for Blackhawks
Player Name G A P +/- PIM S H SB GA TA FO MP PP MP PK MP
------------------------------------------------------------------------------------
Antoine Roussel 1 0 1 -2 0 7 3 1 0 0 2/3 20:13 6:00 0:00
Brendan Smith 0 0 0 1 2 0 0 0 0 0 0/0 19:19 4:37 2:25
Chad Larose 1 0 1 1 0 3 0 0 0 0 0/0 7:27 0:00 1:46
Dalton Prout 0 0 0 -1 0 0 1 0 0 0 0/0 11:43 0:00 0:52
Dave Tanabe 0 0 0 -1 0 0 0 2 0 0 0/0 11:13 0:00 0:05
Denis Grebeshkov 0 0 0 1 0 2 0 2 0 0 0/0 20:15 4:37 3:20
Derick Brassard 0 1 1 -2 2 3 4 0 2 0 16/29 20:31 6:00 0:00
Ian White 0 1 1 -1 0 2 1 2 0 0 0/0 28:52 6:41 4:34
Jason Pominville 0 0 0 0 0 3 0 0 0 1 0/1 15:03 5:18 0:00
Johnny Gaudreau 0 0 0 0 0 2 1 0 0 0 0/2 17:42 5:18 2:09
Jonathan Toews 0 0 0 0 0 2 1 2 1 0 5/11 18:33 5:18 3:11
Joni Pitkanen 0 0 0 -1 0 1 1 3 0 1 0/0 28:55 6:41 4:36
Kyle Brodziak 0 0 0 1 0 0 0 0 0 0 0/1 6:46 0:00 0:46
Patrick Kane 0 1 1 -2 2 4 1 0 2 0 0/0 20:22 6:00 0:00
Peter Regin 0 1 1 0 0 1 1 0 1 0 5/14 14:28 0:00 3:59
Taylor Pyatt 0 1 1 1 0 1 1 0 0 0 1/1 9:37 0:00 3:56
Tomas Fleischmann 0 0 0 0 0 1 1 1 0 1 0/0 10:42 0:00 0:05
Tyler Kennedy 1 0 1 0 2 2 1 0 0 0 0/1 10:19 0:00 0:00
3 Stars
1 - Alexander Steen (Nas)
2 - Justin Abdelkader (Nas)
3 - Chad Larose (Chi)
Power Play
Predators - 0 on 4 Attempt(s) - 0.00%
Blackhawks - 0 on 6 Attempt(s) - 0.00%
Penalty Kill
Predators - 6 on 6 Attempt(s) - 100.00%
- Score 0 goal in Penalty Kill
Blackhawks - 4 on 4 Attempt(s) - 100.00%
- Score 0 goal in Penalty Kill
Team Stat
Predators - Hits : 22 - Faceoff Wins : 34 - Blocked Shots : 10 - Penalty Minutes : 12
Blackhawks - Hits : 17 - Faceoff Wins : 29 - Blocked Shots : 13 - Penalty Minutes : 8
Official
Referees : Fraser Kerry and Kowal Tom
Linesman : Derek Nansen and Mark Wheler
Game Notes
No Game Note
Finance
Level 1 -- Attendance: 4082 (68.03%) -- Ticket Income $400,036
Level 2 -- Attendance: 3860 (77.20%) -- Ticket Income $243,180
Level 3 -- Attendance: 1331 (66.55%) -- Ticket Income $55,902
Level 4 -- Attendance: 2940 (73.50%) -- Ticket Income $91,140
Luxury Box -- Attendance: 692 (69.20%) -- Ticket Income $123,176
Game was played at the Rexall Place.
Total Attendance: 12905 (71.69%)
Total Ticket Income: $913,434
Other Income: $137,015
Total Income: $1,050,449
Predators
5 vs 5 Forward
Center Left Wing Right Wing Time % Phy DF OF
1 Ryan Kesler Alexander Ovechkin Niclas Bergfors 40 1 2 2
2 Mikael Granlund Alexander Steen Byron Bitz 30 1 2 2
3 Andy Miele James Van Riemsdyk Adam Burish 20 1 2 2
4 Kris Vernarsky Justin Abdelkader Adam Burish 10 1 2 2
5 vs 5 Defense
Defense Defense Time % Phy DF OF
1 Ryan Mcdonagh Alexander Edler 40 1 2 2
2 John Moore Dmitri Kalinin 30 1 2 2
3 Brett Clark Barret Jackman 20 1 2 2
4 Brett Clark Richard Jackman 10 1 2 2
PowerPlay Forward
Center Left Wing Right Wing Time % Phy DF OF
1 Ryan Kesler Alexander Ovechkin Niclas Bergfors 60 1 0 4
2 Mikael Granlund Alexander Steen Byron Bitz 40 1 0 4
PowerPlay Defense
Defense Defense Time % Phy DF OF
1 Ryan Mcdonagh Alexander Edler 60 1 1 3
2 Dmitri Kalinin Richard Jackman 40 1 1 3
Penalty Kill 4 Players Forward
Center Wing Time % Phy DF OF
1 Ryan Kesler Byron Bitz 60 1 2 2
2 Andy Miele Adam Burish 40 1 2 2
Penalty Kill 4 Players Defense
Defense Defense Time % Phy DF OF
1 Ryan Mcdonagh Alexander Edler 60 1 3 1
2 John Moore Brett Clark 40 1 3 1
Penalty Kill - 3 Players Forward
Forward Time % Phy DF OF
1 Byron Bitz 60 1 3 1
2 Adam Burish 40 1 3 1
Penalty Kill - 3 Players Defense
Defense Defense Time % Phy DF OF
1 Ryan Mcdonagh Alexander Edler 60 1 3 1
2 John Moore Brett Clark 40 1 3 1
4 vs 4 Forward
Center Wing Time % Phy DF OF
1 Ryan Kesler Alexander Ovechkin 60 1 1 3
2 Mikael Granlund Niclas Bergfors 40 1 2 2
4 vs 4 Defense
Defense Defense Time % Phy DF OF
1 Ryan Mcdonagh Alexander Edler 60 1 1 3
2 John Moore Dmitri Kalinin 40 1 2 2
Last Minutes Offensive
Center Left Wing Right Wing Defense Defense
Ryan Kesler Alexander Ovechkin Niclas Bergfors Ryan Mcdonagh Alexander Edler
Last Minutes Defensive
Center Left Wing Right Wing Defense Defense
Andy Miele Alexander Ovechkin Byron Bitz John Moore Ryan Mcdonagh
Goaltenders
Starting : Viktor Fasth
Backup : Chad Johnson
Extra Forwards
Normal : James Van Riemsdyk, Adam Burish, Justin Abdelkader - PP : James Van Riemsdyk, Adam Burish - PK : Andy Miele
Extra Defensemen
Normal : Richard Jackman, Barret Jackman, Brett Clark - PP : Richard Jackman - PK : Barret Jackman, Brett Clark
Penalty Shots
Alexander Ovechkin, Niclas Bergfors, Ryan Kesler, Andy Miele, James Van Riemsdyk
Scratches
Andrej Meszaros (Healthy)
Blackhawks
5 vs 5 Forward
Center Left Wing Right Wing Time % Phy DF OF
1 Derick Brassard Antoine Roussel Patrick Kane 40 1 2 2
2 Jonathan Toews Johnny Gaudreau Jason Pominville 30 1 2 2
3 Peter Regin Tomas Fleischmann Tyler Kennedy 20 1 2 2
4 Kyle Brodziak Taylor Pyatt Chad Larose 10 1 2 2
5 vs 5 Defense
Defense Defense Time % Phy DF OF
1 Joni Pitkanen Ian White 40 1 2 2
2 Denis Grebeshkov Brendan Smith 30 1 2 2
3 Dave Tanabe Dalton Prout 20 1 2 2
4 Joni Pitkanen Ian White 10 1 2 2
PowerPlay Forward
Center Left Wing Right Wing Time % Phy DF OF
1 Derick Brassard Antoine Roussel Patrick Kane 60 1 2 2
2 Jonathan Toews Johnny Gaudreau Jason Pominville 40 1 2 2
PowerPlay Defense
Defense Defense Time % Phy DF OF
1 Joni Pitkanen Ian White 60 1 2 2
2 Denis Grebeshkov Brendan Smith 40 1 2 2
Penalty Kill 4 Players Forward
Center Wing Time % Phy DF OF
1 Peter Regin Taylor Pyatt 60 1 2 2
2 Jonathan Toews Chad Larose 40 1 2 2
Penalty Kill 4 Players Defense
Defense Defense Time % Phy DF OF
1 Joni Pitkanen Ian White 60 1 2 2
2 Denis Grebeshkov Brendan Smith 40 1 2 2
Penalty Kill - 3 Players Forward
Forward Time % Phy DF OF
1 Peter Regin 60 1 2 2
2 Jonathan Toews 40 1 2 2
Penalty Kill - 3 Players Defense
Defense Defense Time % Phy DF OF
1 Joni Pitkanen Ian White 60 1 2 2
2 Denis Grebeshkov Brendan Smith 40 1 2 2
4 vs 4 Forward
Center Wing Time % Phy DF OF
1 Patrick Kane Derick Brassard 60 1 2 2
2 Jonathan Toews Jason Pominville 40 1 2 2
4 vs 4 Defense
Defense Defense Time % Phy DF OF
1 Joni Pitkanen Ian White 60 1 2 2
2 Denis Grebeshkov Brendan Smith 40 1 2 2
Last Minutes Offensive
Center Left Wing Right Wing Defense Defense
Derick Brassard Antoine Roussel Patrick Kane Joni Pitkanen Ian White
Last Minutes Defensive
Center Left Wing Right Wing Defense Defense
Derick Brassard Antoine Roussel Patrick Kane Joni Pitkanen Ian White
Goaltenders
Starting : Jimmy Howard
Backup : Al Montoya
Extra Forwards
Normal : Peter Regin, Chad Larose, Taylor Pyatt - PP : Peter Regin, Chad Larose - PK : Taylor Pyatt
Extra Defensemen
Normal : Dave Tanabe, Dalton Prout, Denis Grebeshkov - PP : Dave Tanabe - PK : Dalton Prout, Denis Grebeshkov
Penalty Shots
Patrick Kane, Derick Brassard, Jonathan Toews, Jason Pominville, Antoine Roussel
Scratches
None
% Time on Ice - Predators
Lines # - Real PCT - Wanted PCT - Time Play
Normal Forward
1 - 37% - 40% - 15:03
2 - 28% - 30% - 11:24
3 - 20% - 20% - 8:04
4 - 15% - 10% - 6:15
Normal Defense
1 - 42% - 40% - 17:04
2 - 35% - 30% - 14:08
3 - 19% - 20% - 7:34
4 - 5% - 10% - 2:00
PP Forward
1 - 54% - 60% - 4:16
2 - 46% - 40% - 3:40
PP Defense
1 - 58% - 60% - 4:36
2 - 42% - 40% - 3:20
PK Forward
1 - 73% - 60% - 8:16
2 - 27% - 40% - 3:02
PK Defense
1 - 57% - 60% - 6:25
2 - 43% - 40% - 4:53
PK3 Forward
1 - 0% - 60%
2 - 0% - 40%
PK3 Defense
1 - 0% - 60%
2 - 0% - 40%
44 Forward
1 - 0% - 60%
2 - 0% - 40%
44 Defense
1 - 0% - 60%
2 - 0% - 40%
Last Minute Offensive - 0:00
Last Minute Defensive - 0:00
Total
Forward - 60:00
Defense - 60:00
|
% Time on Ice - Blackhawks
Lines # - Real PCT - Wanted PCT - Time Play
Normal Forward
1 - 37% - 40% - 15:01
2 - 24% - 30% - 9:45
3 - 25% - 20% - 10:19
4 - 14% - 10% - 5:41
Normal Defense
1 - 40% - 40% - 16:29
2 - 30% - 30% - 12:18
3 - 27% - 20% - 10:50
4 - 3% - 10% - 1:09
PP Forward
1 - 53% - 60% - 6:00
2 - 47% - 40% - 5:18
PP Defense
1 - 59% - 60% - 6:41
2 - 41% - 40% - 4:37
PK Forward
1 - 78% - 60% - 6:10
2 - 22% - 40% - 1:46
PK Defense
1 - 58% - 60% - 4:36
2 - 42% - 40% - 3:20
PK3 Forward
1 - 0% - 60%
2 - 0% - 40%
PK3 Defense
1 - 0% - 60%
2 - 0% - 40%
44 Forward
1 - 0% - 60%
2 - 0% - 40%
44 Defense
1 - 0% - 60%
2 - 0% - 40%
Last Minute Offensive - 0:00
Last Minute Defensive - 0:00
Total
Forward - 60:00
Defense - 60:00
|
Play by Play
1st period
0:01 of 1st period - Derick Brassard wins face-off versus Niclas Bergfors in neutral zone.
0:28 of 1st period - Slapshot by Derick Brassard.
0:28 of 1st period - Shot Blocked by Ryan Mcdonagh.
0:37 of 1st period - Off-side.
0:38 of 1st period - Andy Miele wins face-off versus Peter Regin in neutral zone.
1:37 of 1st period - Snap shot by Alexander Steen.
1:37 of 1st period - Stopped by Jimmy Howard with a rebound.
2:03 of 1st period - Snap shot by Ryan Kesler.
2:03 of 1st period - Shot Misses the Net.
2:09 of 1st period - Snap shot by Joni Pitkanen.
2:09 of 1st period - Stopped by Viktor Fasth without a rebound.
2:10 of 1st period - Adam Burish wins face-off versus Peter Regin in Predators zone.
2:35 of 1st period - Barret Jackman is hit by Antoine Roussel and loses puck.
2:46 of 1st period - Snap shot by Patrick Kane.
2:46 of 1st period - Stopped by Viktor Fasth with a rebound.
2:48 of 1st period - Slapshot by Dave Tanabe.
2:48 of 1st period - Shot Blocked by Brett Clark.
3:55 of 1st period - Snap shot by Patrick Kane.
3:55 of 1st period - Shot Misses the Net.
3:57 of 1st period - Snap shot by Antoine Roussel.
3:57 of 1st period - Stopped by Viktor Fasth with a rebound.
4:48 of 1st period - Slapshot by Alexander Steen.
4:48 of 1st period - Stopped by Jimmy Howard with a rebound.
6:08 of 1st period - Ryan Kesler is hit by Derick Brassard and loses puck.
7:02 of 1st period - Wrist shot by Alexander Steen.
7:02 of 1st period - Stopped by Jimmy Howard with a rebound.
7:50 of 1st period - Wrist shot by Chad Larose.
7:50 of 1st period - Stopped by Viktor Fasth without a rebound.
7:51 of 1st period - Ryan Kesler wins face-off versus Derick Brassard in Predators zone.
8:12 of 1st period - Patrick Kane is hit by Byron Bitz.
8:30 of 1st period - Snap shot by James Van Riemsdyk.
8:30 of 1st period - Shot Blocked by Jonathan Toews.
8:32 of 1st period - Snap shot by James Van Riemsdyk.
8:32 of 1st period - Shot Blocked by Denis Grebeshkov.
8:48 of 1st period - Slapshot by Denis Grebeshkov.
8:48 of 1st period - Shot Misses the Net.
10:24 of 1st period - Taylor Pyatt is hit by Alexander Edler and loses puck.
10:35 of 1st period - Wrist shot by Byron Bitz.
10:35 of 1st period - Shot Misses the Net.
10:51 of 1st period - Derick Brassard is hit by Niclas Bergfors and loses puck.
11:13 of 1st period - Icing by Dalton Prout.
11:14 of 1st period - Mikael Granlund wins face-off versus Peter Regin in Blackhawks zone.
11:52 of 1st period - Niclas Bergfors is hit by Antoine Roussel and loses puck.
12:02 of 1st period - Icing by Ryan Kesler.
12:03 of 1st period - Ryan Kesler wins face-off versus Jonathan Toews in Predators zone.
12:16 of 1st period - Snap shot by Jonathan Toews.
12:16 of 1st period - Shot Misses the Net.
12:54 of 1st period - Snap shot by Tyler Kennedy.
12:54 of 1st period - Goal by Tyler Kennedy - Predators : 0 - Blackhawks : 1.
12:55 of 1st period - Derick Brassard wins face-off versus Ryan Kesler in neutral zone.
12:59 of 1st period - Minor Penalty to Richard Jackman for Slashing.
13:00 of 1st period - Derick Brassard wins face-off versus Ryan Kesler in Predators zone.
13:44 of 1st period - Wrist shot by Ian White.
13:44 of 1st period - Stopped by Viktor Fasth with a rebound.
14:14 of 1st period - Wrist shot by Andy Miele.
14:14 of 1st period - Stopped by Jimmy Howard with a rebound.
14:32 of 1st period - Joni Pitkanen is hit by Alexander Ovechkin and loses puck.
14:59 of 1st period - Penalty to Richard Jackman is over, Richard Jackman is back on ice.
15:00 of 1st period - Antoine Roussel is hit by Alexander Ovechkin and loses puck.
15:07 of 1st period - Richard Jackman is hit by Derick Brassard and loses puck.
15:39 of 1st period - Dalton Prout is hit by Andy Miele and loses puck.
16:04 of 1st period - Denis Grebeshkov is hit by Alexander Ovechkin and loses puck.
16:15 of 1st period - Denis Grebeshkov is hit by James Van Riemsdyk and loses puck.
17:04 of 1st period - Snap shot by Mikael Granlund.
17:04 of 1st period - Shot Blocked by Antoine Roussel.
17:41 of 1st period - Off-side.
17:42 of 1st period - Kris Vernarsky wins face-off versus Jonathan Toews in neutral zone.
18:09 of 1st period - Ryan Kesler is hit by Dalton Prout.
19:24 of 1st period - Slapshot by Joni Pitkanen.
19:24 of 1st period - Shot Blocked by Ryan Mcdonagh.
19:26 of 1st period - Snap shot by Chad Larose.
19:26 of 1st period - Deflect By Ryan Mcdonagh.
19:26 of 1st period - Stopped by Viktor Fasth with a rebound.
19:28 of 1st period - Snap shot by Taylor Pyatt.
19:28 of 1st period - Stopped by Viktor Fasth without a rebound.
19:29 of 1st period - Mikael Granlund wins face-off versus Kyle Brodziak in Predators zone.
19:45 of 1st period - Wrist shot by Chad Larose.
19:45 of 1st period - Shot Misses the Net.
19:47 of 1st period - Snap shot by Taylor Pyatt.
19:47 of 1st period - Deflect By Chad Larose.
19:47 of 1st period - Goal by Chad Larose - Predators : 0 - Blackhawks : 2.
19:48 of 1st period - Antoine Roussel wins face-off versus Ryan Kesler in neutral zone.
Goals for this period are 0 for Predators vs 2 for Blackhawks.
Shots for this period are 4 for Predators vs 9 for Blackhawks.
2nd period
0:01 of 2nd period - Ryan Kesler wins face-off versus Derick Brassard in neutral zone.
0:49 of 2nd period - Off-side.
0:50 of 2nd period - Peter Regin wins face-off versus Mikael Granlund in neutral zone.
1:03 of 2nd period - Slapshot by John Moore.
1:03 of 2nd period - Shot Blocked by Ian White.
1:05 of 2nd period - Slapshot by John Moore.
1:05 of 2nd period - Deflect By Tomas Fleischmann.
1:05 of 2nd period - Stopped by Jimmy Howard with a rebound.
1:07 of 2nd period - Wrist shot by Alexander Steen.
1:07 of 2nd period - Shot Blocked by Tomas Fleischmann.
1:13 of 2nd period - Slapshot by Alexander Steen.
1:13 of 2nd period - Goal by Alexander Steen - Predators : 1 - Blackhawks : 2.
1:14 of 2nd period - Ryan Kesler wins face-off versus Derick Brassard in neutral zone.
1:17 of 2nd period - Slapshot by Alexander Edler.
1:17 of 2nd period - Shot Misses the Net.
1:19 of 2nd period - Slapshot by Ryan Kesler.
1:19 of 2nd period - Stopped by Jimmy Howard with a rebound.
1:21 of 2nd period - Snap shot by Alexander Ovechkin.
1:21 of 2nd period - Stopped by Jimmy Howard with a rebound.
1:44 of 2nd period - Snap shot by Alexander Steen.
1:44 of 2nd period - Goal by Alexander Steen - Predators : 2 - Blackhawks : 2.
1:45 of 2nd period - Antoine Roussel wins face-off versus Ryan Kesler in neutral zone.
1:52 of 2nd period - Snap shot by Derick Brassard.
1:52 of 2nd period - Shot Misses the Net.
1:54 of 2nd period - Snap shot by Patrick Kane.
1:54 of 2nd period - Shot Blocked by Alexander Ovechkin.
1:56 of 2nd period - Slapshot by Derick Brassard.
1:56 of 2nd period - Stopped by Viktor Fasth with a rebound.
2:56 of 2nd period - Slapshot by Ryan Mcdonagh.
2:56 of 2nd period - Shot Blocked by Dave Tanabe.
3:16 of 2nd period - Off-side.
3:17 of 2nd period - Andy Miele wins face-off versus Jonathan Toews in neutral zone.
3:47 of 2nd period - Slapshot by Denis Grebeshkov.
3:47 of 2nd period - Stopped by Viktor Fasth without a rebound.
3:48 of 2nd period - Derick Brassard wins face-off versus Alexander Ovechkin in Predators zone.
3:53 of 2nd period - Snap shot by Patrick Kane.
3:53 of 2nd period - Stopped by Viktor Fasth with a rebound.
3:55 of 2nd period - Snap shot by Antoine Roussel.
3:55 of 2nd period - Stopped by Viktor Fasth without a rebound.
3:56 of 2nd period - Derick Brassard wins face-off versus Ryan Kesler in Predators zone.
4:06 of 2nd period - Wrist shot by Niclas Bergfors.
4:06 of 2nd period - Goal by Niclas Bergfors - Predators : 3 - Blackhawks : 2.
4:07 of 2nd period - Derick Brassard wins face-off versus Alexander Ovechkin in neutral zone.
4:10 of 2nd period - Snap shot by Ian White.
4:10 of 2nd period - Deflect By Patrick Kane.
4:10 of 2nd period - Shot Blocked by Dmitri Kalinin.
4:10 of 2nd period - Puck is out of play.
4:11 of 2nd period - Derick Brassard wins face-off versus Ryan Kesler in Predators zone.
4:20 of 2nd period - Snap shot by Patrick Kane.
4:20 of 2nd period - Shot Blocked by Dmitri Kalinin.
4:22 of 2nd period - Snap shot by Antoine Roussel.
4:22 of 2nd period - Stopped by Viktor Fasth with a rebound.
4:24 of 2nd period - Snap shot by Antoine Roussel.
4:24 of 2nd period - Goal by Antoine Roussel - Predators : 3 - Blackhawks : 3.
4:25 of 2nd period - Ryan Kesler wins face-off versus Jonathan Toews in neutral zone.
4:27 of 2nd period - Minor Penalty to Ryan Kesler for Hooking.
4:28 of 2nd period - Byron Bitz wins face-off versus Derick Brassard in Predators zone.
4:54 of 2nd period - Byron Bitz is hit by Joni Pitkanen and loses puck.
5:29 of 2nd period - Alexander Ovechkin is hit by Antoine Roussel and loses puck.
6:18 of 2nd period - Alexander Edler is hit by Ian White and loses puck.
6:27 of 2nd period - Penalty to Ryan Kesler is over, Ryan Kesler is back on ice.
6:50 of 2nd period - Dmitri Kalinin is hit by Taylor Pyatt and loses puck.
6:59 of 2nd period - Minor Penalty to Brendan Smith for Roughing.
7:00 of 2nd period - Ryan Kesler wins face-off versus Peter Regin in Blackhawks zone.
7:09 of 2nd period - Slapshot by Niclas Bergfors.
7:09 of 2nd period - Shot Misses the Net.
8:59 of 2nd period - Penalty to Brendan Smith is over, Brendan Smith is back on ice.
9:06 of 2nd period - Icing by Brendan Smith.
9:07 of 2nd period - Kris Vernarsky wins face-off versus Jonathan Toews in Blackhawks zone.
9:14 of 2nd period - Snap shot by Kris Vernarsky.
9:14 of 2nd period - Shot Blocked by Dave Tanabe.
9:16 of 2nd period - Wrist shot by Brett Clark.
9:16 of 2nd period - Deflect By Kris Vernarsky.
9:16 of 2nd period - Stopped by Jimmy Howard without a rebound.
9:17 of 2nd period - Derick Brassard wins face-off versus Kris Vernarsky in Blackhawks zone.
9:34 of 2nd period - Snap shot by Antoine Roussel.
9:34 of 2nd period - Stopped by Viktor Fasth without a rebound.
9:35 of 2nd period - Jonathan Toews wins face-off versus Ryan Kesler in Predators zone.
9:44 of 2nd period - Snap shot by Jonathan Toews.
9:44 of 2nd period - Shot Misses the Net.
10:17 of 2nd period - Snap shot by Patrick Kane.
10:17 of 2nd period - Stopped by Viktor Fasth without a rebound.
10:18 of 2nd period - Andy Miele wins face-off versus Derick Brassard in Predators zone.
10:24 of 2nd period - Minor Penalty to Derick Brassard for Roughing.
10:25 of 2nd period - Peter Regin wins face-off versus Alexander Ovechkin in Blackhawks zone.
10:25 of 2nd period - Peter Regin is hit by Ryan Mcdonagh.
11:53 of 2nd period - Alexander Edler is hit by Jonathan Toews.
12:24 of 2nd period - Penalty to Derick Brassard is over, Derick Brassard is back on ice.
12:29 of 2nd period - Wrist shot by Derick Brassard.
12:29 of 2nd period - Shot Blocked by Richard Jackman.
12:35 of 2nd period - Derick Brassard is hit by Adam Burish and loses puck.
12:53 of 2nd period - Off-side.
12:54 of 2nd period - Derick Brassard wins face-off versus Andy Miele in neutral zone.
12:57 of 2nd period - Slapshot by Denis Grebeshkov.
12:57 of 2nd period - Stopped by Viktor Fasth without a rebound.
12:58 of 2nd period - Ryan Kesler wins face-off versus Peter Regin in Predators zone.
13:00 of 2nd period - Minor Penalty to Alexander Ovechkin for Interference.
13:01 of 2nd period - Derick Brassard wins face-off versus Ryan Kesler in Predators zone.
13:35 of 2nd period - Off-side.
13:36 of 2nd period - Ryan Kesler wins face-off versus Jonathan Toews in neutral zone.
13:51 of 2nd period - Wrist shot by Johnny Gaudreau.
13:51 of 2nd period - Deflect By Brett Clark.
13:51 of 2nd period - Stopped by Viktor Fasth with a rebound.
14:42 of 2nd period - Alexander Steen is hit by Patrick Kane and loses puck.
14:59 of 2nd period - Ian White is hit by Andy Miele and loses puck.
15:00 of 2nd period - Penalty to Alexander Ovechkin is over, Alexander Ovechkin is back on ice.
15:12 of 2nd period - Snap shot by Justin Abdelkader.
15:12 of 2nd period - Shot Misses the Net.
15:24 of 2nd period - John Moore is hit by Tyler Kennedy and loses puck.
15:39 of 2nd period - Slapshot by John Moore.
15:39 of 2nd period - Stopped by Jimmy Howard with a rebound.
16:13 of 2nd period - Tyler Kennedy is hit by Alexander Steen and loses puck.
16:41 of 2nd period - Minor Penalty to Adam Burish for Tripping.
16:42 of 2nd period - Derick Brassard wins face-off versus Ryan Kesler in Predators zone.
17:14 of 2nd period - Snap shot by Jonathan Toews.
17:14 of 2nd period - Deflect By Ryan Mcdonagh.
17:14 of 2nd period - Stopped by Viktor Fasth with a rebound.
17:16 of 2nd period - Snap shot by Jonathan Toews.
17:16 of 2nd period - Shot Misses the Net.
17:18 of 2nd period - Snap shot by Johnny Gaudreau.
17:18 of 2nd period - Stopped by Viktor Fasth with a rebound.
18:03 of 2nd period - Icing by Ian White.
18:04 of 2nd period - Jonathan Toews wins face-off versus Ryan Kesler in Blackhawks zone.
18:41 of 2nd period - Penalty to Adam Burish is over, Adam Burish is back on ice.
19:15 of 2nd period - Dave Tanabe is hit by Justin Abdelkader and loses puck.
19:44 of 2nd period - Slapshot by Alexander Ovechkin.
19:44 of 2nd period - Deflect By Niclas Bergfors.
19:44 of 2nd period - Shot Misses the Net.
19:44 of 2nd period - Puck is out of play.
19:45 of 2nd period - Mikael Granlund wins face-off versus Derick Brassard in Blackhawks zone.
19:58 of 2nd period - Slapshot by Alexander Ovechkin.
19:58 of 2nd period - Shot Blocked by Joni Pitkanen.
Goals for this period are 3 for Predators vs 1 for Blackhawks.
Shots for this period are 8 for Predators vs 12 for Blackhawks.
3rd period
0:01 of 3rd period - Ryan Kesler wins face-off versus Antoine Roussel in neutral zone.
0:49 of 3rd period - Wrist shot by James Van Riemsdyk.
0:49 of 3rd period - Stopped by Jimmy Howard without a rebound.
0:50 of 3rd period - Peter Regin wins face-off versus Andy Miele in Blackhawks zone.
1:21 of 3rd period - Wrist shot by Patrick Kane.
1:21 of 3rd period - Stopped by Viktor Fasth without a rebound.
1:22 of 3rd period - Ryan Kesler wins face-off versus Derick Brassard in Predators zone.
1:59 of 3rd period - Snap shot by Tyler Kennedy.
1:59 of 3rd period - Stopped by Viktor Fasth without a rebound.
2:00 of 3rd period - Mikael Granlund wins face-off versus Johnny Gaudreau in Predators zone.
2:11 of 3rd period - Slapshot by Brett Clark.
2:11 of 3rd period - Deflect By Alexander Steen.
2:11 of 3rd period - Shot Misses the Net.
2:11 of 3rd period - Puck is out of play.
2:12 of 3rd period - Derick Brassard wins face-off versus Mikael Granlund in Blackhawks zone.
2:27 of 3rd period - Snap shot by Patrick Kane.
2:27 of 3rd period - Shot Hit the Post.
3:00 of 3rd period - Snap shot by Justin Abdelkader.
3:00 of 3rd period - Stopped by Jimmy Howard without a rebound.
3:01 of 3rd period - Mikael Granlund wins face-off versus Derick Brassard in Blackhawks zone.
3:04 of 3rd period - Snap shot by Byron Bitz.
3:04 of 3rd period - Shot Misses the Net.
3:06 of 3rd period - Minor Penalty to Patrick Kane for Tripping.
3:07 of 3rd period - Niclas Bergfors wins face-off versus Peter Regin in Blackhawks zone.
5:03 of 3rd period - Snap shot by James Van Riemsdyk.
5:03 of 3rd period - Stopped by Jimmy Howard without a rebound.
5:04 of 3rd period - Ryan Kesler wins face-off versus Peter Regin in Blackhawks zone.
5:06 of 3rd period - Penalty to Patrick Kane is over, Patrick Kane is back on ice.
5:25 of 3rd period - Snap shot by Adam Burish.
5:25 of 3rd period - Shot Misses the Net.
5:27 of 3rd period - Snap shot by Richard Jackman.
5:27 of 3rd period - Deflect By Joni Pitkanen.
5:27 of 3rd period - Stopped by Jimmy Howard without a rebound.
5:28 of 3rd period - Mikael Granlund wins face-off versus Johnny Gaudreau in Blackhawks zone.
5:31 of 3rd period - Snap shot by Byron Bitz.
5:31 of 3rd period - Deflect By Alexander Steen.
5:31 of 3rd period - Stopped by Jimmy Howard without a rebound.
5:32 of 3rd period - Mikael Granlund wins face-off versus Jason Pominville in Blackhawks zone.
5:35 of 3rd period - Backhand shot by Byron Bitz.
5:35 of 3rd period - Shot Misses the Net.
5:37 of 3rd period - Slapshot by Alexander Steen.
5:37 of 3rd period - Shot Blocked by Jonathan Toews.
5:39 of 3rd period - Wrist shot by Alexander Steen.
5:39 of 3rd period - Stopped by Jimmy Howard without a rebound.
5:40 of 3rd period - Ryan Kesler wins face-off versus Derick Brassard in Blackhawks zone.
6:12 of 3rd period - Snap shot by Ryan Kesler.
6:12 of 3rd period - Deflect By Alexander Ovechkin.
6:12 of 3rd period - Stopped by Jimmy Howard without a rebound.
6:13 of 3rd period - Alexander Steen wins face-off versus Peter Regin in Blackhawks zone.
6:17 of 3rd period - Minor Penalty to Tyler Kennedy for Interference.
6:18 of 3rd period - Taylor Pyatt wins face-off versus Ryan Kesler in Blackhawks zone.
6:18 of 3rd period - Taylor Pyatt is hit by Ryan Mcdonagh.
6:44 of 3rd period - Ian White is hit by Ryan Mcdonagh and loses puck.
6:51 of 3rd period - Snap shot by Alexander Steen.
6:51 of 3rd period - Shot Misses the Net.
6:53 of 3rd period - Wrist shot by Mikael Granlund.
6:53 of 3rd period - Stopped by Jimmy Howard with a rebound.
8:17 of 3rd period - Penalty to Tyler Kennedy is over, Tyler Kennedy is back on ice.
8:46 of 3rd period - Snap shot by Justin Abdelkader.
8:46 of 3rd period - Shot Hit the Post.
8:48 of 3rd period - Snap shot by Kris Vernarsky.
8:48 of 3rd period - Deflect By Justin Abdelkader.
8:48 of 3rd period - Goal by Justin Abdelkader - Predators : 4 - Blackhawks : 3.
8:49 of 3rd period - Jonathan Toews wins face-off versus Ryan Kesler in neutral zone.
8:52 of 3rd period - Alexander Edler is hit by Johnny Gaudreau and loses puck.
9:15 of 3rd period - Derick Brassard is hit by Alexander Edler.
9:19 of 3rd period - Snap shot by Alexander Steen.
9:19 of 3rd period - Shot Blocked by Joni Pitkanen.
9:37 of 3rd period - Tomas Fleischmann is hit by Adam Burish and loses puck.
10:20 of 3rd period - Off-side.
10:21 of 3rd period - Jonathan Toews wins face-off versus Mikael Granlund in neutral zone.
10:36 of 3rd period - Snap shot by Jonathan Toews.
10:36 of 3rd period - Shot Misses the Net.
10:38 of 3rd period - Wrist shot by Jason Pominville.
10:38 of 3rd period - Stopped by Viktor Fasth without a rebound.
10:39 of 3rd period - Derick Brassard wins face-off versus Ryan Kesler in Predators zone.
10:48 of 3rd period - Wrist shot by Ryan Kesler.
10:48 of 3rd period - Stopped by Jimmy Howard without a rebound.
10:49 of 3rd period - Derick Brassard wins face-off versus Ryan Kesler in Blackhawks zone.
10:56 of 3rd period - Slapshot by Brendan Smith.
10:56 of 3rd period - Shot Blocked by Alexander Edler.
11:32 of 3rd period - Wrist shot by Alexander Ovechkin.
11:32 of 3rd period - Shot Misses the Net.
11:34 of 3rd period - Snap shot by Alexander Ovechkin.
11:34 of 3rd period - Shot Misses the Net.
11:36 of 3rd period - Slapshot by Alexander Edler.
11:36 of 3rd period - Stopped by Jimmy Howard without a rebound.
11:37 of 3rd period - Jonathan Toews wins face-off versus Mikael Granlund in Blackhawks zone.
11:42 of 3rd period - Wrist shot by Alexander Steen.
11:42 of 3rd period - Stopped by Jimmy Howard with a rebound.
11:46 of 3rd period - Slapshot by Byron Bitz.
11:46 of 3rd period - Stopped by Jimmy Howard with a rebound.
11:48 of 3rd period - Slapshot by Barret Jackman.
11:48 of 3rd period - Shot Blocked by Joni Pitkanen.
11:50 of 3rd period - Snap shot by Byron Bitz.
11:50 of 3rd period - Stopped by Jimmy Howard with a rebound.
11:52 of 3rd period - Snap shot by Alexander Steen.
11:52 of 3rd period - Shot Blocked by Ian White.
12:02 of 3rd period - Adam Burish is hit by Tomas Fleischmann and loses puck.
12:11 of 3rd period - Snap shot by Peter Regin.
12:11 of 3rd period - Shot Misses the Net.
12:13 of 3rd period - Wrist shot by Tomas Fleischmann.
12:13 of 3rd period - Stopped by Viktor Fasth with a rebound.
13:02 of 3rd period - Wrist shot by Patrick Kane.
13:02 of 3rd period - Deflect By Antoine Roussel.
13:02 of 3rd period - Shot Misses the Net.
13:02 of 3rd period - Puck is out of play.
13:03 of 3rd period - Peter Regin wins face-off versus Kris Vernarsky in Predators zone.
13:36 of 3rd period - Slapshot by Ian White.
13:36 of 3rd period - Shot Blocked by Mikael Granlund.
13:38 of 3rd period - Snap shot by Jonathan Toews.
13:38 of 3rd period - Stopped by Viktor Fasth without a rebound.
13:39 of 3rd period - Derick Brassard wins face-off versus Alexander Ovechkin in Predators zone.
14:15 of 3rd period - Wrist shot by Jason Pominville.
14:15 of 3rd period - Stopped by Viktor Fasth with a rebound.
14:27 of 3rd period - Snap shot by James Van Riemsdyk.
14:27 of 3rd period - Deflect By Adam Burish.
14:27 of 3rd period - Shot Blocked by Denis Grebeshkov.
14:27 of 3rd period - Puck is out of play.
14:28 of 3rd period - Peter Regin wins face-off versus Andy Miele in Blackhawks zone.
14:28 of 3rd period - Peter Regin is hit by James Van Riemsdyk.
14:33 of 3rd period - Joni Pitkanen is hit by Adam Burish and loses puck.
14:54 of 3rd period - Snap shot by Peter Regin.
14:54 of 3rd period - Stopped by Viktor Fasth without a rebound.
14:55 of 3rd period - Ryan Kesler wins face-off versus Derick Brassard in Predators zone.
14:57 of 3rd period - Minor Penalty to Richard Jackman for Charging.
14:58 of 3rd period - Ryan Kesler wins face-off versus Derick Brassard in Predators zone.
15:24 of 3rd period - Joni Pitkanen is hit by Ryan Mcdonagh.
16:46 of 3rd period - Icing by Denis Grebeshkov.
16:47 of 3rd period - Ryan Kesler wins face-off versus Derick Brassard in Blackhawks zone.
16:57 of 3rd period - Penalty to Richard Jackman is over, Richard Jackman is back on ice.
17:06 of 3rd period - Kris Vernarsky is hit by Peter Regin and loses puck.
17:25 of 3rd period - Snap shot by Byron Bitz.
17:25 of 3rd period - Stopped by Jimmy Howard with a rebound.
17:37 of 3rd period - Slapshot by Jason Pominville.
17:37 of 3rd period - Stopped by Viktor Fasth with a rebound.
17:51 of 3rd period - Snap shot by Derick Brassard.
17:51 of 3rd period - Shot Misses the Net.
17:53 of 3rd period - Wrist shot by Antoine Roussel.
17:53 of 3rd period - Stopped by Viktor Fasth without a rebound.
17:54 of 3rd period - Derick Brassard wins face-off versus Mikael Granlund in Predators zone.
17:57 of 3rd period - Slapshot by Derick Brassard.
17:57 of 3rd period - Stopped by Viktor Fasth with a rebound.
17:59 of 3rd period - Slapshot by Ian White.
17:59 of 3rd period - Shot Blocked by Mikael Granlund.
18:01 of 3rd period - Wrist shot by Antoine Roussel.
18:01 of 3rd period - Stopped by Viktor Fasth without a rebound.
18:02 of 3rd period - Andy Miele wins face-off versus Peter Regin in Predators zone.
18:07 of 3rd period - Tomas Fleischmann is hit by Alexander Edler and loses puck.
18:14 of 3rd period - Slapshot by Ian White.
18:14 of 3rd period - Stopped by Viktor Fasth without a rebound.
18:15 of 3rd period - Andy Miele wins face-off versus Tyler Kennedy in Predators zone.
18:36 of 3rd period - Minor Penalty to Alexander Edler for High sticking.
18:37 of 3rd period - Ryan Kesler wins face-off versus Derick Brassard in Predators zone.
18:42 of 3rd period - Derick Brassard is hit by Ryan Kesler and loses puck.
18:49 of 3rd period - Ryan Kesler is hit by Derick Brassard and loses puck.
18:52 of 3rd period - Blackhawks, Jimmy Howard is pulled from the net.
18:54 of 3rd period - Wrist shot by Derick Brassard.
18:54 of 3rd period - Stopped by Viktor Fasth with a rebound.
19:46 of 3rd period - Adam Burish is hit by Derick Brassard and loses puck.
Goals for this period are 1 for Predators vs 0 for Blackhawks.
Shots for this period are 15 for Predators vs 13 for Blackhawks.
Back to the Top